 Dungeon Crawl Stone Soup version 0.29.1-2-gbd0b4ee654 (console) character file.

Game seed: 18187334186758756636

31146 om the Impaler (level 13, -1/96 HPs)
             Began as a Merfolk Berserker on Oct 21, 2022.
             Was an Elder of Trog.
             Slain by an ice beast (2 damage)
             ... summoned by an ice statue
             ... in an ice cave on Oct 24, 2022.
             The game lasted 00:41:37 (15579 turns).

om the Impaler (Merfolk Berserker)                 Turns: 15579, Time: 00:41:39

Health: -1/96      AC: 13    Str: 25    XL:     13   Next: 56%
Magic:  13/13      EV: 23    Int:  6    God:    Trog [****..]
Gold:   550        SH:  0    Dex: 20    Spells: 12/12 levels left

rFire   . . .      SeeInvis .   f - +1 spear (flame)
rCold   + . .      Faith    .   (no shield)
rNeg    . . .      Spirit   .   G - +0 acid dragon scales
rPois   .          Reflect  .   (no helmet)
rElec   .          Harm     .   (no cloak)
rCorr   +          Rampage  .   z - +1 pair of gloves {Str+3}
Will    ++...                   p - +2 pair of boots
Stlth   +.........              a - amulet of regeneration
HPRegen 2.06/turn               q - ring of protection from cold
MPRegen 0.13/turn               H - +6 ring of dexterity

@: strong-willed, on berserk cooldown, regenerating
A: (nimble swimmer 2), mertail
a: Renounce Religion, Berserk, Trog's Hand, Brothers in Arms


You were in an ice cave.
You worshipped Trog.
Trog was greatly pleased with you.
You visited 2 branches of the dungeon, and saw 14 of its levels.
You also visited: Ice Cave.

You collected 937 gold pieces.
You spent 387 gold pieces at shops.

Inventory:

Hand Weapons
 f - a +1 spear of flaming (weapon)
 w - a +2 trident of freezing
 F - a +2 halberd
Armour
 p - a +2 pair of boots (worn)
 z - a +1 pair of gloves of strength (worn)
 G - +0 acid dragon scales (worn)
Jewellery
 a - an amulet of regeneration (around neck)
 q - a ring of protection from cold (left hand)
 x - a ring of willpower
 B - an amulet of faith
 E - an amulet of the acrobat
 H - a +6 ring of dexterity (right hand)
 J - a ring of see invisible
Wands
 i - a wand of acid (6)
 v - a wand of flame (8)
 y - a wand of roots (11)
 C - a wand of polymorph (8)
Scrolls
 b - 3 scrolls of teleportation
 d - 2 scrolls of enchant armour
 e - 2 scrolls of vulnerability
 g - 2 scrolls of identify
 l - 2 scrolls of poison
 m - a scroll of summoning
 r - 3 scrolls of magic mapping
 I - 2 scrolls of fear
Potions
 h - a potion of ambrosia
 j - a potion of attraction
 k - 4 potions of haste
 n - 5 potions of might
 o - a potion of cancellation
 s - a potion of berserk rage
 t - 2 potions of curing
 A - a potion of flight
 D - 4 potions of lignification
Miscellaneous
 u - a piece from Xom's chessboard (15/15)


   Skills:
 - Level 7.0 Fighting
 + Level 18.8 Polearms
 - Level 7.0 Armour
 + Level 16.0 Dodging
 - Level 7.1 Evocations


You had 12 spell levels left.
You didn't know any spells.
Your spell library was empty.

Dungeon Overview and Level Annotations

Branches:
Dungeon (12/15)            Temple (0/1) D:5            Lair (2/5) D:8
  Swamp (0/4) Lair:2       Spider (0/4) Lair:2          Orc (0/2) D:10
  IceCv (1/1)

Altars:
Ashenzari
Cheibriados
Dithmenos
Gozag
Kikubaaqudgha
Ru
Sif Muna
Trog
Uskayaw
Vehumet
Wu Jian
Yredelemnul
Zin
The Shining One

Shops:
D:2 ?   D:4 (   D:8 [   D:10 (

Annotations:
D:6 3 runed translucent doors, TheGhostDragon952's ghost, novice OgFE IceCv 1 transporter, exclusion: 2 ice statues


Innate Abilities, Weirdness & Mutations

((You are very nimble when in or above water. (Stealth+, EV+, Speed+++)))
Your lower body shifts to a powerful aquatic tail in water.


Message History

The ice beast completely misses you. x2
Okay, then.
Your skin crawls.
You feel strong-willed. The ice beast misses you.
The ice beast hits you but does no damage.
The ice beast closely misses you.
You hit the ice statue but do no damage.
The ice statue is almost destroyed.
The ice beast completely misses you. The ice beast closely misses you.
You hit the ice statue but do no damage.
The ice statue is almost destroyed.
The ice beast barely misses you. The ice beast closely misses you.
The ice beast completely misses you. The ice statue gestures at you.
The freezing blast misses you. The ice beast misses you.
You hit the ice statue but do no damage.
The ice statue is almost destroyed.
You are engulfed in freezing vapours.
You resist. The ice beast misses you. The ice beast closely misses you.
The ice beast misses you.
The ice beast hits you but does no damage.
You hit the ice statue but do no damage.
The ice statue is almost destroyed.
You are engulfed in freezing vapours.
You resist.
* * * LOW HITPOINT WARNING * * *
The ice beast misses you.
You hit the ice statue.
You melt the ice statue.
The ice statue is almost destroyed.
You are engulfed in freezing vapours.
You resist.
* * * LOW HITPOINT WARNING * * *
You feel yourself speed up. The ice statue gestures at you.
The shard of ice hits you! You partially resist.
* * * LOW HITPOINT WARNING * * *
The ice beast misses you. The ice beast hits you.
* * * LOW HITPOINT WARNING * * *
The ice beast freezes you. You resist.
* * * LOW HITPOINT WARNING * * *
The ice beast hits you.
You die...

##### ####
####...### ##°∩#
##........####8YY#
#..........##8YY@#
...........#8.○Y8#
......8....#...Y○#
........[.8#...=?#
†......[[©©#©..[$#
..........8#...?"#
......8....#.....#
...........#8...8#
#..........##8...#


You could see 2 ice statues and 6 ice beasts.

Vanquished Creatures
  2 centaur warriors (D:9)
  The ghost of safid the Marksminotaur, a journeyman MiHu of Okawaru (Lair:1)
  5 death yaks (Lair:1)
  5 two-headed ogres
  2 bog bodies (Lair:2)
  2 ugly things (IceCv)
  7 cyclopes
  A manticore (D:9)
  2 gargoyles (D:12)
  Maggie (D:6)
  2 cane toads (Lair:1)
  2 rime drakes (Lair:2)
  A komodo dragon (D:12)
  3 trolls
  A polar bear (Lair:2)
  Grinder (D:6)
  A tarantella (shapeshifter) (D:9)
  10 blink frogs
  5 slime creatures (D:12)
  A vampire (D:11)
  A wraith (D:12)
  3 shadows
  A centaur simulacrum (D:10)
  23 yaks
  Eustachio (D:6)
  A basilisk (D:11)
  4 vampire mosquitoes
  A death yak simulacrum (Lair:2)
  2 steam dragons (D:9)
  2 acid dragons (D:11)
  6 water moccasins
  A two-headed ogre zombie (D:10)
  An orc warrior (D:7)
  2 sky beasts (D:7)
  2 ice beasts
  3 black bears
  3 wolves (D:8)
  6 centaurs
  2 phantoms
  A kobold brigand (D:7)
  6 bullfrogs
  3 scorpions
  A cane toad simulacrum (IceCv)
  8 wights (D:10)
  A troll zombie (D:10)
  12 killer bees
  4 howler monkeys
  4 electric eels
  A lava snake (D:7)
  9 hounds
  A gnoll bouda (D:8)
  7 orc priests
  6 iguanas
  6 orc wizards
  A polar bear simulacrum (Lair:2)
  A wolf simulacrum (IceCv)
  6 ogre zombies (D:10)
  9 gnolls (D:8)
  6 adders
  2 shadow imps
  An ufetubus (D:6)
  A worm (D:3)
  2 dart slugs
  20 orcs
  8 bats
  5 endoplasms
  3 giant cockroaches (D:2)
  8 hobgoblins
  9 kobolds
  2 quokkas
  6 ball pythons
  2 frilled lizards (D:1)
  5 goblins
  3 goblin skeletons (D:10)
  2 goblin zombies (D:10)
  2 hobgoblin skeletons (D:10)
  2 hobgoblin zombies (D:10)
  3 orc skeletons (D:10)
  13 orc zombies (D:10)
  3 rats
315 creatures vanquished.

Vanquished Creatures (collateral kills)
  A hydra (D:12)
  A death yak (Lair:1)
  An ugly thing (D:12)
  A vampire (D:12)
  A bullfrog (Lair:1)
5 creatures vanquished.

Vanquished Creatures (others)
  3 fungi
  7 plants
10 creatures vanquished.

Grand Total: 330 creatures vanquished

Notes
Turn   | Place    | Note
-------+----------+-------------------------------------------
     0 | D:1      | om the Merfolk Berserker began the quest for the Orb.
     0 | D:1      | Reached XP level 1. HP: 18/18 MP: 1/1
   283 | D:1      | Reached XP level 2. HP: 24/24 MP: 2/2
  1209 | D:2      | Reached ** piety under Trog
  1210 | D:2      | Reached XP level 3. HP: 23/29 MP: 3/3
  1491 | D:2      | Found Fout's Magic Scroll Shoppe.
  1501 | D:2      | Bought a scroll of identify for 28 gold pieces
  2106 | D:2      | Reached skill level 5 in Polearms
  2106 | D:2      | Reached XP level 4. HP: 20/37 MP: 4/4
  2633 | D:3      | Noticed a scorpion
  2643 | D:3      | Killed a scorpion
  2644 | D:3      | Reached XP level 5. HP: 42/42 MP: 5/5
  3110 | D:3      | Found the +7 Throatcutter {drain, coup de grace}
  3172 | D:3      | Found a snail-covered altar of Cheibriados.
  3885 | D:4      | Found a bloodstained altar of Trog.
  3939 | D:4      | Noticed a water moccasin
  3948 | D:4      | Killed a water moccasin
  3949 | D:4      | Reached skill level 5 in Dodging
  3949 | D:4      | Reached skill level 6 in Polearms
  3949 | D:4      | Reached XP level 6. HP: 31/48 MP: 6/6
  4073 | D:4      | Found Huhyer's Antique Weapon Emporium.
  4200 | D:4      | Noticed an ice beast
  4213 | D:4      | Killed an ice beast
  4214 | D:4      | Reached skill level 7 in Polearms
  4214 | D:4      | Reached XP level 7. HP: 54/54 MP: 7/7
  4288 | D:4      | Reached skill level 8 in Polearms
  4992 | D:5      | Entered Level 5 of the Dungeon
  5101 | D:5      | Noticed a two-headed ogre
  5112 | D:5      | Killed a two-headed ogre
  5113 | D:5      | Reached skill level 10 in Polearms
  5113 | D:5      | Reached XP level 8. HP: 61/61 MP: 8/8
  5351 | D:5      | Reached skill level 5 in Fighting
  5637 | D:2      | Bought a scroll of magic mapping for 105 gold pieces
  5637 | D:2      | Bought a scroll of poison for 56 gold pieces
  5761 | D:5      | Found a staircase to the Ecumenical Temple.
  5792 | D:5      | Found an opulent altar of Gozag.
  5863 | D:5      | Found an ornate altar of the Wu Jian Council.
  6118 | D:5      | Reached skill level 5 in Armour
  6292 | D:6      | Found a runed translucent gate.
  6292 | D:6      | Found a runed translucent gate.
  6292 | D:6      | Found a runed translucent gate.
  6317 | D:6      | Noticed Eustachio
  6321 | D:6      | Noticed Maggie
  6574 | D:6      | Killed Maggie
  6575 | D:6      | Reached XP level 9. HP: 31/68 MP: 9/9
  6587 | D:6      | Killed Eustachio
  7025 | D:6      | Reached skill level 11 in Polearms
  7072 | D:6      | Upgraded the game from 0.29.1-1-gd02db6906a to
                  | 0.29.1-2-gbd0b4ee654
  7292 | D:6      | Found a glowing silver altar of Zin.
  7293 | D:6      | Found a shadowy altar of Dithmenos.
  7340 | D:6      | Found a basalt altar of Yredelemnul.
  7529 | D:6      | Noticed Grinder
  7535 | D:6      | Paralysed by Grinder for 3 turns
  7550 | D:6      | Killed Grinder
  7556 | D:6      | Reached skill level 12 in Polearms
  7736 | D:6      | Noticed TheGhostDragon952's ghost (novice OgFE)
  8106 | D:7      | Found a broken altar of Ashenzari.
  8182 | D:7      | Noticed a two-headed ogre
  8191 | D:7      | Killed a two-headed ogre
  8192 | D:7      | Reached XP level 10. HP: 76/76 MP: 10/10
  8628 | D:7      | Found a glowing golden altar of the Shining One.
  8693 | D:8      | Reached *** piety under Trog
  9016 | D:8      | Noticed a +0 spear
  9016 | D:8      | Noticed a +0 short sword
  9016 | D:8      | Noticed a +0 short sword
  9016 | D:8      | Noticed a +0 dagger
  9016 | D:8      | Noticed a +0 spear
  9016 | D:8      | Noticed a +0 dagger
  9016 | D:8      | Noticed a +0 falchion
  9016 | D:8      | Noticed a +0 falchion
  9196 | D:8      | Found a hide-covered altar of Uskayaw.
  9201 | D:8      | Found Geocuifi's Armour Emporium.
  9225 | D:8      | Bought a +1 pair of gloves of strength for 198 gold pieces
  9310 | D:8      | Found a staircase to the Lair.
  9333 | D:8      | Reached skill level 13 in Polearms
  9394 | D:8      | Identified the +0 leather armour of the Eternal Void
                  | {Rampage Str+6 Int+3}
  9441 | D:8      | Noticed a two-headed ogre
  9485 | D:8      | Killed a two-headed ogre
  9486 | D:8      | Reached skill level 10 in Dodging
  9588 | D:8      | Found a radiant altar of Vehumet.
  9588 | D:8      | Found a sacrificial altar of Ru.
  9946 | D:9      | Found a shimmering blue altar of Sif Muna.
  9999 | D:9      | Found an ancient bone altar of Kikubaaqudgha.
 10003 | D:9      | Noticed a centaur warrior
 10014 | D:9      | Killed a centaur warrior
 10015 | D:9      | Reached skill level 14 in Polearms
 10015 | D:9      | Reached XP level 11. HP: 65/81 MP: 11/11
 10035 | D:9      | Found a runed translucent door.
 10176 | D:9      | Noticed a two-headed ogre
 10184 | D:9      | Killed a two-headed ogre
 10489 | D:9      | Noticed a centaur warrior
 10498 | D:9      | Killed a centaur warrior
 10499 | D:9      | Reached skill level 5 in Evocations
 10535 | D:9      | Noticed a manticore
 10535 | D:9      | Noticed a cyclops
 10545 | D:9      | Killed a cyclops
 10552 | D:9      | Killed a manticore
 10564 | D:9      | Noticed a cyclops
 10585 | D:9      | Killed a cyclops
 10684 | D:10     | Entered Level 10 of the Dungeon
 11097 | D:10     | Found Aweo's Weapon Shop.
 11114 | D:10     | Found a staircase to the Orcish Mines.
 11123 | D:10     | Reached **** piety under Trog
 11733 | D:10     | Noticed a two-headed ogre
 11745 | D:10     | Killed a two-headed ogre
 11746 | D:10     | Reached skill level 15 in Polearms
 12068 | D:11     | Noticed a cyclops
 12081 | D:11     | Killed a cyclops
 12082 | D:11     | Reached XP level 12. HP: 91/91 MP: 12/12
 12383 | D:11     | Reached skill level 16 in Polearms
 12895 | D:12     | Noticed a five-headed hydra
 12913 | D:12     | Killed a five-headed hydra
 12914 | D:12     | Reached skill level 17 in Polearms
 12915 | D:12     | HP: 4/91 [something (11)]
 13713 | Lair:1   | Entered Level 1 of the Lair of Beasts
 13725 | Lair:1   | Noticed a death yak
 13725 | Lair:1   | Noticed a death yak
 13725 | Lair:1   | Noticed a death yak
 13725 | Lair:1   | Noticed a death yak
 13725 | Lair:1   | Noticed a death yak
 13737 | Lair:1   | Killed a death yak
 13746 | Lair:1   | Killed a death yak
 13747 | Lair:1   | Reached skill level 18 in Polearms
 13753 | Lair:1   | Killed a death yak
 13768 | Lair:1   | Killed a death yak
 13777 | Lair:1   | Killed a death yak
 13879 | Lair:1   | Reached XP level 13. HP: 93/96 MP: 13/13
 14053 | Lair:1   | Noticed safid's ghost (journeyman MiHu)
 14057 | Lair:1   | Found a runed translucent gate.
 14058 | Lair:1   | Found a runed translucent gate.
 14059 | Lair:1   | Found a runed translucent gate.
 14383 | Lair:1   | Reached skill level 15 in Dodging
 14585 | Lair:1   | Reached ***** piety under Trog
 14800 | Lair:1   | Killed safid's ghost
 15280 | Lair:2   | Found a staircase to the Swamp.
 15315 | Lair:2   | Found a frozen archway.
 15379 | IceCv    | Entered an ice cave
 15495 | IceCv    | Found a transporter.
 15505 | IceCv    | Found a transporter.
 15579 | IceCv    | HP: 1/96 [ice beast[an ice statue] (4)]
 15579 | IceCv    | Slain by an ice beast

Illustrated notes

Levels and vault maps discovered:
D:1:      dpeg_arrival_long_road, layout_basic, serial_glass, glass_columns_b,
          glass_columns_c
D:2:      layout_loops_corners, serial_shops, shop, serial_forest,
          infiniplex_forest_corner_1, infiniplex_forest_clump_tiny,
          infiniplex_forest_straight_5, infiniplex_forest_end_1,
          infiniplex_forest_corner_1, infiniplex_forest_clump_tiny,
          infiniplex_forest_straight_3, infiniplex_forest_join,
          infiniplex_forest_straight_2
D:3:      layout_rooms, lemuel_tele_altar, serial_bayou_lagoon_a,
          patterned_corridor
D:4:      layout_basic, mainiacjoe_overflow_cross_hatched, serial_shops, shop,
          saegor_snake_ambush
D:5:      layout_loops_corners, mainiacjoe_overflow_alcove_4,
          nicolae_gozag_seed_capital, minmay_temple_entry_glass
D:6:      layout_rooms, lemuel_crystal_altar, gammafunk_temple_overflow_pools,
          gammafunk_ghost_necromancy, minmay_statues_item, uniq_maggie,
          uniq_eustachio, uniq_grinder
D:7:      layout_cave_pools, tso_altar, mainiacjoe_overflow_small_starburst,
          nicolae_kite_square_tiling_tiny
D:8:      layout_basic, gammafunk_temple_overflow_elements,
          nicolae_uskayaw_en_pointe, erik_lair_island, serial_shops, shop,
          eino_jars
D:9:      layout_basic, kiku_gazebo_garden_becter, lemuel_blue_sif_altar,
          minivault_13
D:10:     layout_loops_corners, zombieorc2_lemuel, serial_ice, serial_ice_e,
          serial_ice_o, serial_ice_a, serial_ice_b, serial_shops,
          nicolae_shop_competitors_out_of_business
D:11:     layout_roguey
D:12:     layout_gridville
Lair:1:   layout_roguey, gammafunk_ghost_split, ldierk_geyser,
          nicolae_quartered_pool_impasse
Lair:2:   layout_hall_layers, skrybe_swamp_entry_bodies,
          hellmonk_spider_entry_life_and_decay,
          portal_ice_cave_entry_ice_simulacra
IceCv:    ice_cave_statue_garden_transporter

Skill      XL: |  1  2  3  4  5  6  7  8  9 10 11 12 13 |
---------------+----------------------------------------+-----
Dodging        | 3 4 5 7 10 13 16 | 16.0
Polearms       | 5 6 7 10 12 14 15 18 | 18.8
Fighting       | 4 5 6 7 |  7.0
Armour         | 2 3 4 6 7 |  7.0
Evocations     | 2 7 |  7.1

Action                   |  1- 3 |  4- 6 |  7- 9 | 10-12 | 13-15 || total
-------------------------+-------+-------+-------+-------+-------++-------
Melee: Spear             |   150 |   122 |   407 |    63 |    13 ||   755
       Punch             |     3 |       |     3 |    10 |     5 ||    21
       Long sword        |       |    26 |       |       |       ||    26
       Tailslap          |       |     3 |       |     4 |     3 ||    10
       Trident           |       |       |       |   663 |   255 ||   918
Invok: Berserk           |       |     2 |     7 |    21 |     4 ||    34
       Brothers in Arms  |       |       |       |     1 |     1 ||     2
       Trog's Hand       |       |       |       |       |     2 ||     2
Evoke: Wand              |       |       |     4 |     6 |       ||    10
       Piece from Xom's  |       |       |       |     4 |       ||     4
  Use: Scroll            |     5 |     3 |     2 |     7 |     3 ||    20
       Potion            |       |     2 |     3 |     3 |     2 ||    10
 Stab: Sleeping          |     3 |       |       |       |       ||     3
       Confused          |       |       |       |     3 |       ||     3
Armor: Animal skin       |     6 |       |       |       |       ||     6
       Ring mail         |    29 |    41 |    88 |   144 |       ||   302
       Acid dragon scale |       |       |       |    55 |    59 ||   114
Dodge: Dodged            |    54 |    84 |   194 |   432 |   198 ||   962
